coastals

Match 27758479
End
Pioneer Squad
Selects Italian Coastal Battlegroup
Selects Coastal Reserves
Coastal Reserve
Coastal Reserve
Coastal Reserve
Construct Infanterie Kompanie
MG 42 Machine Gun Team
Medical Bunker
Construct Luftwaffe Kompanie
Selects Artillery Officer
Flak 30 Anti-aircraft Gun Team
Artillery Officer
Support Elements
Wirbelwind Flakpanzer
Jäger Squad
Wirbelwind Flakpanzer
Selects Coastal Wall
Jäger Squad
Marder III M Tank Destroyer
Marder III M Tank Destroyer
Wirbelwind Flakpanzer
Selects Support Bunkers
Selects Designated Artillery Overwatch
Pioneer Squad
Pioneer Squad
Wirbelwind Flakpanzer
Wirbelwind Flakpanzer
Selects Bulwark
Wirbelwind Flakpanzer
Pioneer Squad
Marder III M Tank Destroyer
Artillery Officer
Jäger Squad
Luftwaffe Officer Quarters
Rei
FeriG
0
0

Comments sign in to comment!

No comments posted yet!